 Dungeon Sprint DCSS version bcrawl-1.21.3-16-g7f46a08de7 (webtiles) character file.

Game seed: 16528628787578669263

18714 Dyss the Ruinous (level 12, 0/113 HPs)
             Began as a Fairy Conjurer on Apr 27, 2020.
             Was the Champion of Vehumet.
             Engulfed by Lom Lobon's freezing vapour (7 damage)
             ... in the Dungeon (Sprint I: "Red Sonja").
             The game lasted 00:16:47 (3240 turns).

Dyss the Ruinous (Fairy Conjurer)                   Turns: 3240, Time: 00:16:47

Health: 0/113      AC: 26    Str:  6    XL:     12   Next: 61%
Magic:  15/43      EV: 24    Int: 23    God:    Vehumet [******]
Gold:   1275       SH: 13    Dex: 11    Spells: 28/43 levels left

rFire    + . .     SeeInvis .   p - +0 hunting sling of Untimely Demise {elec, rF+ MP+9 Dex-3} (curse)
rCold    + . .     Gourm    .   j - +0 buckler {rC+}
rNeg     + . .     Faith    .   (armour unavailable)
rPois    ∞         Spirit   .   (no helmet)
rElec    +         Reflect  .   (no cloak)
rCorr    .         Harm     .   (gloves currently unavailable)
MR       +....     NoTele   +   (boots currently unavailable)
Stlth    +.........             (no amulet)
HPRegen  0.28/turn              (no ring)
MPRegen  0.28/turn              (no ring)

@: statue-form, frozen, flying evasively, very slightly contaminated, very slow
A: small, magic attunement, unstealthy, unfitting armour, able to fly, AC/SH +7
a: Stop Flying, End Transformation, Renounce Religion


You were in the Dungeon.
You worshipped Vehumet.
Vehumet was exalted by your worship.
You were not hungry.
You were a stone statue.
You visited 1 branch You collected 2533 gold pieces.
You spent 1258 gold pieces at shops.

Inventory:

Hand Weapons
 m - the +10 dagger of Desperation {freeze, rN+}
   (You bought it in a shop in the Dungeon)

   It has been specially enchanted to freeze those struck by it, causing extra
   injury to most foes and up to half again as much damage against particularly
   susceptible opponents.
   It can also slow down cold-blooded creatures.
   It protects you from negative energy.
 o - the +12 hand axe of Crystal {antimagic, rPois Str-4 Stlth+}
   (You bought it in a shop in the Dungeon)

   It reduces the magical energy of the wielder, and disrupts the spells and
   magical abilities of those hit.
   Natural abilities and divine invocations are not affected.
   It affects your strength (-4).
   It protects you from poison.
   It makes you more stealthy.
 p - the cursed +0 hunting sling of Untimely Demise (weapon) {elec, rF+ MP+9 Dex-3}
   (You bought it in a shop in the Dungeon)

   It charges the ammunition it shoots with electricity; occasionally upon a
   hit, such missiles may discharge and cause terrible harm.
   It affects your dexterity (-3).
   It protects you from fire.
   It affects your magic capacity (+9).
   It has a curse placed upon it.
Armour
 j - a +0 buckler of cold resistance (worn)
 q - a +0 medium shield
Magical Staves
 g - an uncursed staff of air
Wands
 a - a wand of polymorph (15)
 l - a wand of iceblast (4)
Scrolls
 f - a scroll of remove curse {unknown}
 h - a scroll of blinking
 i - a scroll of magic mapping {unknown}
 k - a scroll of summoning {unknown}
 n - 2 scrolls of identify
Potions
 b - 3 potions of magic
 d - 3 potions of curing
Comestibles
 e - a ration {!d}


   Skills:
 - Level 10.0 Fighting
 - Level 13.9 Dodging
 - Level 1.5 Stealth
 - Level 8.1 Shields
 + Level 16.1 Spellcasting
 + Level 22.7 Conjurations
 - Level 8.1 Transmutations
 - Level 9.7 Earth Magic


You had 28 spell levels left.
You knew the following spells:

 Your Spells              Type           Power        Failure   Level  Hunger
a - Magic Dart            Conj           ####         0%          1    None
b - Iskenderun's Mystic   Conj           #######.     0%          3    None
c - Irradiate             Conj/Tmut      ######....   1%          5    None
d - Statue Form           Tmut/Erth      ######...    12%         6    None

Your spell library contained the following spells:

 Spells                   Type           Power        Failure   Level  Hunger
 Poison Arrow             Conj/Pois      ######....   1%          6    None
 Searing Ray              Conj           #######.     0%          2    None
 Passwall                 Tmut/Erth      ######..     1%          2    None
 Fulminant Prism          Conj/Hex       ######....   1%          4    None
 Lee's Rapid Deconstruct  Erth           ######....   1%          5    None
 Swiftness                Chrm/Air       ###.....     4%          2    None
 Tree Form                Hex/Tmut       N/A          5%          4    None
 Vampiric Draining        Necr           ###.......   9%          3    None
 Summon Ice Beast         Ice/Summ       ###.....     30%         4    None
 Agony                    Necr           ###.....     63%         5    None
 Passage of Golubria      Tloc           N/A          63%         5    None
 Dragon Form              Tmut           ######.      65%         7    None
 Darkness                 Hex            ###.......   99%         6    None
 Invisibility             Hex            ###.....     99%         6    None
 Simulacrum               Ice/Necr       ###.......   99%         6    None
 Necromutation            Tmut/Necr      #####...     100%        8    None


Dungeon Overview and Level Annotations

Branches:
Dungeon (1/1)

Altars:
Cheibriados
Dithmenos
Elyvilon
Fedhas
Gozag
Hepliaklqana
Kikubaaqudgha
Lugonu
Makhleb
Nemelex Xobeh
Okawaru
Qazlal
Ru
Sif Muna
Trog
Uskayaw
Vehumet
Wu Jian
Xom
Yredelemnul
Zin
The Shining One
Jiyva

Shops:
D }:[:[*[!(%=[*((*?![[(

Annotations:
D Lom Lobon


Innate Abilities, Weirdness & Mutations

Your spells do not cause hunger and MP costs are reduced by 1.
Your bright wings attract enemies. (Stealth-)
You cannot fit into any form of body armour.
((Your shimmering scales are hard and can block incoming attacks. (AC +7, SH +7)))
You are small and have problems with some larger weapons.
You can fly continuously.


Message History

You are engulfed in raging winds.
Casting: Iskenderun's Mystic Blast (safe; 0% risk of failure)
Confirm with . or Enter, or press ? or * to list all spells.
Aiming: Iskenderun's Mystic Blast (safe; 0% risk of failure)
Press: ? - help, Shift-Dir - straight line, f/p - Lom Lobon
Aim: Lom Lobon (lightly wounded, misshapen and mutated, surrounded by restless winds)
The orb of energy misses Lom Lobon.
The orb of energy explodes!
Lom Lobon gestures at you.
Lom Lobon conjures a mighty blast of ice!
You partially resist. The great icy blast engulfs you!!
* * * LOW HITPOINT WARNING * * *
You are encased in ice.
You block Lom Lobon's attack.
Casting: Iskenderun's Mystic Blast (safe; 0% risk of failure)
Confirm with . or Enter, or press ? or * to list all spells.
You erupt in a fountain of uncontrolled magic!
Lom Lobon is blasted with magical radiation!!!
Lom Lobon is moderately wounded.
Lom Lobon twists and deforms.
You are engulfed in freezing vapours.
You resist.
You die...

#### #.#≈≈≈≈## °°
°.#≈≈≈≈≈####### ..$
####≈≈≈≈#≈≈≈≈≈#..°.
#+≈≈≈'≈≈.≈≈'...
##≈≈#≈≈≈°°#≈ &
######'##### .°°
#§≈≈≈≈≈≈≈≈≈##≈
°^..#######&≈≈☼≈≈≈≈≈≈≈≈
....'==#☼§8§..○☼≈≈≈≈≈#≈
#☼☼§§§#§..○....≈≈≈#
###################


You could see Lom Lobon.

Vanquished Creatures
  A lorocyproca (D)
  A deep elf annihilator (D)
  A mummy priest (D)
  A hydra (D)
  2 centaur warriors (D)
  Sonja (D)
  A deep troll (D)
  2 unseen horrors (D)
  A lindwurm (D)
  2 oklob plants (D)
  8 shining eyes (D)
  2 merfolk sirens (D)
  A gargoyle (D)
  4 demonic crawlers (D)
  2 kobold demonologists (D)
  A hellwing (D)
  5 hornets (D)
  A slime creature (D)
  Sigmund (D)
  2 redbacks (D)
  A yak (D)
  13 hogs (D)
  7 floating eyes (D)
  7 necrophages (D)
  An ogre (D)
  8 jellies (D)
  Ijyb (D)
  A ball lightning (D)
  3 ballistomycetes (D)
82 creatures vanquished.

Vanquished Creatures (others)
  the Lernaean hydra (D)
  A deep elf master archer (D)
  A gargoyle (D)
  3 ball lightnings (D)
  2 ballistomycete spores (D)
8 creatures vanquished.

Grand Total: 90 creatures vanquished

Notes
Turn   | Place    | Note
-------+----------+-------------------------------------------
     0 | D        | Dyss the Fairy Conjurer began the quest for the Orb.
     0 | D        | Reached XP level 1. HP: 11/11 MP: 6/6
     1 | D        | Noticed Ijyb
    19 | D        | Killed Ijyb
    19 | D        | Reached skill level 8 in Conjurations
    19 | D        | Reached XP level 2. HP: 12/17 MP: 7/7
    19 | D        | Reached XP level 3. HP: 14/21 MP: 9/9
    78 | D        | Learned a level 3 spell: Iskenderun's Mystic Blast
   146 | D        | Noticed an ogre
   149 | D        | Killed an ogre
   149 | D        | Reached skill level 11 in Conjurations
   149 | D        | Reached XP level 4. HP: 8/27 MP: 3/10
   351 | D        | Noticed Sigmund
   355 | D        | Killed Sigmund
   355 | D        | Reached skill level 14 in Conjurations
   355 | D        | Reached XP level 5. HP: 30/31 MP: 2/11
   355 | D        | Reached XP level 6. HP: 35/36 MP: 2/12
   388 | D        | Killed a gargoyle
   443 | D        | Found a shimmering blue altar of Sif Muna.
   444 | D        | Found an ornate altar of the Wu Jian Council.
   445 | D        | Found a radiant altar of Vehumet.
   446 | D        | Reached skill level 1 in Fighting
   452 | D        | Became a worshipper of Vehumet
   476 | D        | Found a viscous altar of Jiyva.
   476 | D        | Found a corrupted altar of Lugonu.
   476 | D        | Noticed a slime creature
   477 | D        | Found a burning altar of Makhleb.
   477 | D        | Found a shimmering altar of Xom.
   480 | D        | Killed a slime creature
   480 | D        | Reached skill level 5 in Dodging
   480 | D        | Reached skill level 15 in Conjurations
   480 | D        | Reached XP level 7. HP: 10/45 MP: 6/16
   631 | D        | Found Penluser's Book Emporium.
   631 | D        | Found an ancient bone altar of Kikubaaqudgha.
   631 | D        | Found a hazy altar of Hepliaklqana.
   631 | D        | Found a stormy altar of Qazlal.
   631 | D        | Found a hide-covered altar of Uskayaw.
   631 | D        | Found a blossoming altar of Fedhas.
   631 | D        | Found a bloodstained altar of Trog.
   631 | D        | Found an iron altar of Okawaru.
   631 | D        | Found a basalt altar of Yredelemnul.
   631 | D        | Found a glowing golden altar of the Shining One.
   631 | D        | Found a snail-covered altar of Cheibriados.
   631 | D        | Found a sacrificial altar of Ru.
   631 | D        | Found a glowing silver altar of Zin.
   631 | D        | Found a shadowy altar of Dithmenos.
   631 | D        | Found a white marble altar of Elyvilon.
   631 | D        | Noticed a yak
   633 | D        | Killed a yak
   633 | D        | Reached skill level 5 in Spellcasting
   633 | D        | Reached skill level 16 in Conjurations
   634 | D        | Found an opulent altar of Gozag.
   635 | D        | Found a sparkling altar of Nemelex Xobeh.
   702 | D        | Noticed Sonja
   704 | D        | Killed Sonja
   704 | D        | Reached * piety under Vehumet
   704 | D        | Offered knowledge of Flame Tongue by Vehumet.
   704 | D        | Reached skill level 5 in Fighting
   704 | D        | Reached skill level 17 in Conjurations
   704 | D        | Reached XP level 8. HP: 41/55 MP: 13/21
   775 | D        | Found Jenerch's Gadget Boutique.
   784 | D        | Noticed a shining eye
   784 | D        | Noticed a shining eye
   784 | D        | Noticed a shining eye
   786 | D        | Noticed a shining eye
   788 | D        | Noticed a shining eye
   790 | D        | Paralysed by a floating eye for 3 turns
   793 | D        | Reached ** piety under Vehumet
   797 | D        | Killed a shining eye
   797 | D        | Reached XP level 9. HP: 63/63 MP: 3/17
   798 | D        | Killed a shining eye
   798 | D        | Reached skill level 10 in Dodging
   798 | D        | Reached skill level 18 in Conjurations
   801 | D        | Killed a shining eye
   801 | D        | Reached skill level 10 in Spellcasting
   802 | D        | Killed a shining eye
   802 | D        | Reached *** piety under Vehumet
   802 | D        | Reached skill level 19 in Conjurations
   811 | D        | Killed a shining eye
   811 | D        | Reached XP level 10. HP: 72/72 MP: 2/26
   812 | D        | Noticed a shining eye
   813 | D        | Paralysed by a floating eye for 4 turns
   813 | D        | Noticed a shining eye
   839 | D        | Killed a shining eye
   850 | D        | Killed a shining eye
   850 | D        | Reached **** piety under Vehumet
   861 | D        | Noticed a shining eye
   894 | D        | Killed a shining eye
   894 | D        | Offered knowledge of Throw Frost by Vehumet.
  1066 | D        | Killed a deep elf master archer
  1197 | D        | Found Ezoudekhio's Book Shoppe.
  1197 | D        | Found Yvyomul's Armour Shop.
  1197 | D        | Found Luramasa's Antique Armour Emporium.
  1197 | D        | Found Qepsaih's General Store.
  1248 | D        | Noticed a centaur warrior
  1253 | D        | Noticed a centaur warrior
  1255 | D        | Killed a centaur warrior
  1255 | D        | Offered knowledge of Ignite Poison by Vehumet.
  1255 | D        | Reached skill level 20 in Conjurations
  1256 | D        | Killed a centaur warrior
  1452 | D        | Noticed a deep troll
  1456 | D        | Killed a deep troll
  1456 | D        | Offered knowledge of Airstrike by Vehumet.
  1640 | D        | Killed the 27-headed Lernaean hydra
  1776 | D        | Found Duess's Armour Emporium.
  1780 | D        | Bought a +0 buckler of cold resistance for 126 gold pieces
  1807 | D        | Bought a book of Transfigurations for 550 gold pieces
  1813 | D        | Learned a level 5 spell: Irradiate
  1820 | D        | Learned a level 6 spell: Statue Form
  1878 | D        | Noticed a kobold demonologist
  1878 | D        | Noticed a kobold demonologist
  1879 | D        | Offered knowledge of Lightning Bolt by Vehumet.
  1879 | D        | Reached XP level 11. HP: 80/80 MP: 23/26
  1880 | D        | Noticed a soul eater
  1881 | D        | Reached ***** piety under Vehumet
  1968 | D        | Reached skill level 5 in Earth Magic
  2117 | D        | Noticed a lindwurm
  2120 | D        | Killed a lindwurm
  2120 | D        | Offered knowledge of Fireball by Vehumet.
  2120 | D        | Reached skill level 1 in Shields
  2120 | D        | Reached skill level 21 in Conjurations
  2135 | D        | Reached skill level 5 in Transmutations
  2138 | D        | Reached ****** piety under Vehumet
  2139 | D        | Reached skill level 10 in Fighting
  2237 | D        | Noticed a daeva
  2244 | D        | Noticed a 12-headed hydra
  2410 | D        | Offered knowledge of Lee's Rapid Deconstruction by Vehumet.
  2423 | D        | Noticed an oklob plant
  2427 | D        | Killed an oklob plant
  2427 | D        | Reached skill level 5 in Shields
  2456 | D        | Killed an unseen horror
  2539 | D        | Killed an unseen horror
  2544 | D        | Reached XP level 12. HP: 86/87 MP: 24/31
  2565 | D        | Found Ludgheno's Distillery.
  2565 | D        | Found Hoeph's Armour Shop.
  2565 | D        | Found Ifedekaz's Antique Weapon Boutique.
  2567 | D        | Found Qezawafi's Food Emporium.
  2567 | D        | Found Foluusm's Jewellery Shop.
  2567 | D        | Found Bosiugow's Antique Armour Shoppe.
  2567 | D        | Found Sekacoes's General Store.
  2567 | D        | Found Ziugomot's Weapon Emporium.
  2567 | D        | Found Faprikoo's Antique Weapon Shop.
  2567 | D        | Found Lohiank's General Store.
  2570 | D        | Found Yge Nib's Magic Scroll Boutique.
  2573 | D        | Found Woforch's Armour Emporium.
  2573 | D        | Found Nobiqat's Distillery.
  2574 | D        | Found Benoun's Weapon Emporium.
  2593 | D        | Bought a crystal dagger for 133 gold pieces
  2601 | D        | Bought a scroll of identify for 24 gold pieces
  2601 | D        | Bought a scroll of identify for 24 gold pieces
  2601 | D        | Bought a scroll of identify for 24 gold pieces
  2601 | D        | Identified the +10 dagger of Desperation {freeze, rN+} (You
                  | bought it in a shop in the Dungeon)
  2604 | D        | Bought a brightly glowing hand axe for 208 gold pieces
  2604 | D        | Identified the +12 hand axe of Crystal {antimagic, rPois
                  | Str-4 Stlth+} (You bought it in a shop in the Dungeon)
  2607 | D        | Bought a transparent hunting sling for 169 gold pieces
  2607 | D        | Identified the cursed +0 hunting sling of Untimely Demise
                  | {elec, rF+ MP+9 Dex-3} (You bought it in a shop in the
                  | Dungeon)
  2709 | D        | Offered knowledge of Bolt of Cold by Vehumet.
  2728 | D        | Killed a lorocyproca
  3029 | D        | Killed a 12-headed hydra
  3047 | D        | Noticed a deep elf annihilator
  3055 | D        | Reached skill level 22 in Conjurations
  3060 | D        | Killed a deep elf annihilator
  3060 | D        | Reached skill level 15 in Spellcasting
  3065 | D        | Offered knowledge of Poison Arrow by Vehumet.
  3069 | D        | Noticed a mummy priest
  3080 | D        | Killed a mummy priest
  3080 | D        | Noticed a reaper
  3220 | D        | Identified Ygiman's Incunabulum of Frigorific Necromancy
  3224 | D        | Noticed Lom Lobon
  3240 | D        | Engulfed by Lom Lobon's freezing vapour

Skill      XL: |  1  2  3  4  5  6  7  8  9 10 11 12 |
---------------+-------------------------------------+-----
Conjurations   | 8 11 14 15 17 19 20 21 22 | 22.7
Fighting       | 2 5 6 7 9 10 | 10.0
Dodging        | 5 8 9 11 13 | 13.9
Spellcasting   | 4 7 8 10 12 13 16 | 16.1
Transmutations | 8 |  8.1
Earth Magic    | 9 |  9.7
Shields        | 8 |  8.1
Stealth        | |  1.5

Action                   |  1- 3 |  4- 6 |  7- 9 | 10-12 || total
-------------------------+-------+-------+-------+-------++-------
Melee: Unarmed           |    14 |       |       |    12 ||    26
 Cast: Magic Dart        |     2 |       |     6 |    20 ||    28
       Iskenderun's Myst |     2 |     8 |    23 |   134 ||   167
       Irradiate         |       |       |       |     7 ||     7
       Statue Form       |       |       |       |     1 ||     1
  Use: Potion            |     1 |       |       |     2 ||     3
       Scroll            |       |       |       |     2 ||     2
  Eat: Chunk             |       |       |       |     4 ||     4
       Ration            |       |       |       |     1 ||     1
Armor: Skin              |       |       |     1 |    25 ||    26
Dodge: Dodged            |     3 |     2 |     3 |    91 ||    99
Block: Other             |     1 |       |     1 |    17 ||    19
       Buckler           |       |       |       |    12 ||    12
